 Dungeon Crawl Stone Soup version 0.19-a0-465-g1d1674b (webtiles) character file.

149 Duffy the Conjurer (level 5, 30/30 HPs)
             Began as a Deep Elf Conjurer on June 4, 2016.
             Quit the game on level 3 of the Dungeon.
             The game lasted 00:03:58 (3192 turns).

Duffy the Conjurer (Deep Elf Conjurer)              Turns: 3192, Time: 00:03:59

Health: 30/30      AC:  2    Str:  5    XL:     5   Next: 9%
Magic:  13/14      EV: 13    Int: 21    God:
Gold:   74         SH:  0    Dex: 15    Spells: 4 memorised, 3 levels left

rFire  . . .     SeeInvis .     (no weapon)
rCold  . . .     Gourm    .     a - +0 robe
rNeg   . . .     Faith    .     (no shield)
rPois  .         Spirit   .     (no helmet)
rElec  .         Dismiss  .     (no cloak)
rCorr  .         Reflect  .     (no gloves)
SustAt .         Harm     .     (no boots)
MR     .....                    (no amulet)
Stlth  ++........               (no ring)
                                (no ring)

@: not resistant to hostile enchantments, unstealthy
A: no striking features
a: no special abilities


You were on level 3 of the Dungeon.
You were not hungry.

You visited 1 branch of the dungeon, and saw 3 of its levels.

You collected 74 gold pieces.


   Skills:
 - Level 2.0 Fighting
 - Level 2.4 Dodging
 - Level 2.4 Stealth
 + Level 5.0 Spellcasting
 + Level 5.3 Conjurations


You had 3 spell levels left.
You knew the following spells:

 Your Spells              Type           Power        Failure   Level  Hunger
a - Magic Dart            Conj           ####         1%          1    None
c - Iskenderun's Mystic   Conj           ####....     14%         4    ####...
n - Fulminant Prism       Conj/Hex       ###.......   41%         4    ####...
s - Searing Ray           Conj           ####..       1%          2    None

Inventory:

Armour
 a - a +0 robe (worn)
Wands
 p - a wand of lightning (7/15)
Scrolls
 d - a scroll of magic mapping {unknown}
 e - 2 scrolls of fear {unknown}
 f - a scroll of remove curse {unknown}
 i - a scroll of enchant armour {unknown}
 j - 3 scrolls of recharging {unknown}
 l - a scroll of enchant weapon {unknown}
 m - a scroll of identify {unknown}
 n - a scroll of noise {unknown}
Potions
 g - 5 potions of lignification {unknown}
 h - a potion of berserk rage {unknown}
 o - 2 potions of curing
Books
 b - a book of Conjurations
Comestibles
 c - 2 bread rations
 k - 2 meat rations
 q - 4 chunks of flesh

Dungeon Overview and Level Annotations

Branches:
Dungeon (3/15)

Altars:
Xom
The Shining One

Annotations:
D:3 Amnesiac's ghost, weakling OgWz


Message History

Cast which spell? (? or * to list)
You can't see any susceptible monsters within range! (Use Z to cast anyway.) Cast which spell? (? or * to list)
You can't see any susceptible monsters within range! (Use Z to cast anyway.)
You start resting.
Magic restored.
A jackal comes into view.
Cast which spell? (? or * to list)
Aiming: Magic Dart
Press: ? - help, Shift-Dir - straight line, f - jackal
Aim: a jackal (resting)
The magic dart hits the jackal.
You kill the jackal!
Cast which spell? (? or * to list)
You can't see any susceptible monsters within range! (Use Z to cast anyway.) Cast which spell? (? or * to list)
You can't see any susceptible monsters within range! (Use Z to cast anyway.) Eating one of 5 chunks of flesh.
This raw flesh tastes terrible.
You continue eating. x2
Found a stone staircase leading up.
There is a stone staircase leading up here.
Found a robe.
A goblin comes into view. It is wielding a club.
Cast which spell? (? or * to list)
Aiming: Magic Dart
Press: ? - help, Shift-Dir - straight line, f - goblin
Aim: a goblin, wielding a club (hasn't noticed you)
The magic dart hits the goblin.
You kill the goblin!
Cast which spell? (? or * to list)
You can't see any susceptible monsters within range! (Use Z to cast anyway.) Cast which spell? (? or * to list)
You can't see any susceptible monsters within range! (Use Z to cast anyway.) Cast which spell? (? or * to list)
You can't see any susceptible monsters within range! (Use Z to cast anyway.)
A goblin comes into view.
A goblin is nearby!
Cast which spell? (? or * to list)
Aiming: Magic Dart
Press: ? - help, Shift-Dir - straight line, f - goblin
Aim: a goblin (resting)
The magic dart hits the goblin.
You kill the goblin!
Cast which spell? (? or * to list)
You can't see any susceptible monsters within range! (Use Z to cast anyway.) Cast which spell? (? or * to list)
You can't see any susceptible monsters within range! (Use Z to cast anyway.) Cast which spell? (? or * to list)
You can't see any susceptible monsters within range! (Use Z to cast anyway.) Are you sure you want to abandon this character and quit the game? (Confirm with "yes".)

#.... ... . ##..#.#
..#.# .
.....##..#.#
..##..........
............# .
.....#.)... #.
#......#.#.#
#..##....@.....#
#......#.###....%
#.##.[..###.###.
#..............
##............. ##
###..#.###....
##...###........##.
.........####...#
##...###.######.##.


There were no monsters in sight!

Action                   |  1- 3 |  4- 6 || total
-------------------------+-------+-------++-------
 Cast: Magic Dart        |    79 |    59 ||   138
       Searing Ray       |     1 |     2 ||     3
  Eat: Chunk             |     3 |     4 ||     7
Armor: Robe              |     2 |     1 ||     3
Dodge: Dodged            |    19 |     3 ||    22

Notes
Turn   | Place    | Note
--------------------------------------------------------------
     0 | D:1      | Duffy the Deep Elf Conjurer began the quest for the Orb.
     0 | D:1      | Reached XP level 1. HP: 10/10 MP: 6/6
   404 | D:1      | Reached skill level 1 in Fighting
   513 | D:1      | Reached XP level 2. HP: 7/17 MP: 0/8
   894 | D:1      | Reached skill level 2 in Fighting
   898 | D:1      | Learned a level 2 spell: Searing Ray
  1078 | D:1      | Reached XP level 3. HP: 21/21 MP: 7/9
  1676 | D:2      | Found a glowing golden altar of the Shining One.
  1883 | D:2      | Reached skill level 4 in Spellcasting
  1883 | D:2      | Reached XP level 4. HP: 20/26 MP: 3/12
  2308 | D:2      | Found a shimmering altar of Xom.
  2631 | D:3      | Learned a level 4 spell: Iskenderun's Mystic Blast
  2636 | D:3      | Learned a level 4 spell: Fulminant Prism
  2717 | D:3      | Reached skill level 5 in Conjurations
  3000 | D:3      | Reached XP level 5. HP: 30/30 MP: 10/14
  3020 | D:3      | Reached skill level 5 in Spellcasting
  3025 | D:3      | Noticed Amnesiac's ghost (weakling OgWz)
  3192 | D:3      | Quit the game

Skill      XL: |  1  2  3  4  5 |
---------------+----------------+-----
Fighting       | 1 2 |  2.0
Spellcasting   | 4 5 |  5.0
Conjurations   | 5 |  5.3
Dodging        | |  2.4
Stealth        | |  2.4

Vault maps used:
D:1:      minmay_arrival_arboretum_large
D:2:      nicolae_overflow_crystal_walls, tgw_xom, first_bread

Vanquished Creatures
  An orc wizard
  A gnoll
  2 adders
  2 worms
  2 dart slugs
  2 giant geckos
  3 orcs
  3 giant cockroaches
  10 goblins
  12 hobgoblins
  7 jackals
  2 quokkas
  6 bats
  5 giant newts
  5 kobolds
  8 rats
71 creatures vanquished.
